 Dungeon Crawl Stone Soup version 0.17.0-23-g0de4337 (webtiles) character file.

6129 septik the Geomancer (level 10, -3/58 HPs)
             Began as a Gargoyle Earth Elementalist on Nov 13, 2015.
             Was a Priest of Vehumet.
             Slain by Snorg (4 damage)
             ... on level 9 of the Dungeon.
             The game lasted 00:44:16 (10017 turns).

septik the Geomancer (Gargoyle Earth Elementalist) Turns: 10017, Time: 00:44:16

Health: -3/58      AC: 11    Str: 12    XL:     10   Next: 89%
Magic:  15/22      EV: 21    Int: 19    God:    Vehumet [***...]
Gold:   144        SH:  0    Dex: 15    Spells: 4 memorised, 17 levels left

rFire  . . .     SeeInvis .     a - +3 whip (freeze)
rCold  . . .     Clarity  .     w - +0 leather armour of Nimul {Regen+}
rNeg   + . .     SustAt   .     (no shield)
rPois  ∞         Gourm    .     (helmet restricted)
rElec  +         Spirit   .     P - +0 cloak {rPois}
rCorr  .         Warding  .     (no gloves)
rMut   .         Stasis   .     (no boots)
MR     +....                    (no amulet)
Stlth  +++.......               t - ring of protection from magic
                                V - +3 ring of evasion

@: agile, somewhat resistant to hostile enchantments, fairly stealthy
A: horns 1, negative energy resistance 1, electricity resistance, unbreathing,
petrification resistance, rot immunity, AC +7
a: Renounce Religion


You were on level 9 of the Dungeon.
You worshipped Vehumet.
Vehumet was most pleased with you.
You were not hungry.

You visited 2 branches of the dungeon, and saw 11 of its levels.

You collected 383 gold pieces.
You spent 239 gold pieces at shops.

Inventory:

Hand Weapons
 a - a +3 whip of freezing (weapon)
 I - a +4 whip of pain
 W - a +1 flail
Missiles
 b - 257 stones (quivered)
 x - 6 javelins of penetration
Armour
 w - the +0 leather armour of Nimul (worn) {Regen+}
   (You found it on level 7 of the Dungeon)

   It increases your rate of regeneration.
 L - a +0 leather armour
 P - a +0 cloak of poison resistance (worn)
 U - the +3 leather armour of Trumpets {MR+}
   (You found it on level 7 of the Dungeon)

   It affects your resistance to hostile enchantments.
 Y - the +1 robe "Kiw Kek" {rElec rN+ rCorr Dex-5}
   (You found it on level 7 of the Dungeon)

   It affects your dexterity (-5).
   It insulates you from electricity.
   It protects you from negative energy.
   It protects you from acid and corrosion.
Jewellery
 e - an uncursed ring of fire
 k - a +3 ring of protection
 s - an uncursed ring of sustain attributes
 t - a ring of protection from magic (right hand)
 y - an uncursed ring of protection from fire
 A - a +3 ring of evasion
 V - a +3 ring of evasion (left hand)
Wands
 D - a wand of digging (18)
 S - a wand of cold (11)
Scrolls
 f - 3 scrolls of blinking
 g - 2 scrolls of identify
 v - 2 scrolls of amnesia
 C - a scroll of immolation
 E - a scroll of fog
 G - a scroll of recharging
 N - 3 scrolls of teleportation
 O - 2 scrolls of remove curse
 Q - 2 scrolls of enchant weapon
 X - a scroll of fear
Potions
 h - 5 potions of curing
 i - 4 potions of lignification
 m - 3 potions of flight
 n - 3 potions of magic
 o - a potion of agility
 p - 2 potions of might {unknown}
 r - 2 potions of brilliance {unknown}
 z - 3 potions of invisibility
 F - a potion of resistance {unknown}
 H - a potion of haste {unknown}
 K - 2 potions of ambrosia {unknown}
 T - 2 potions of heal wounds {unknown}
Books
 c - a book of Geomancy

   Spells                             Type                      Level
   a - Sandblast                      Earth                        1
   b - Stoneskin                      Transmutation/Earth          2
   c - Passwall                       Transmutation/Earth          3
   d - Stone Arrow                    Conjuration/Earth            3
   e - Petrify                        Transmutation/Earth          4
   f - Lee's Rapid Deconstruction     Earth                        5
 j - a Young Poisoner's Handbook

   Spells                             Type                      Level
   a - Sting                          Conjuration/Poison           1
   b - Cure Poison                    Poison                       2
   c - Mephitic Cloud                 Conjuration/Poison/Air       3
   d - Olgreb's Toxic Radiance        Poison                       4
   e - Venom Bolt                     Conjuration/Poison           5
 q - a book of Necromancy

   Spells                             Type                      Level
   a - Pain                           Necromancy                   1
   b - Animate Skeleton               Necromancy                   1
   c - Vampiric Draining              Necromancy                   3
   d - Regeneration                   Charms/Necromancy            3
   e - Animate Dead                   Necromancy                   4
   f - Control Undead                 Necromancy                   4
 R - a book of the Earth

   Spells                             Type                      Level
   a - Leda's Liquefaction            Hexes/Earth                  4
   b - Bolt of Magma                  Conjuration/Fire/Earth       5
   c - Statue Form                    Transmutation/Earth          6
   d - Iron Shot                      Conjuration/Earth            6
   e - Shatter                        Earth                        9
Comestibles
 d - 11 bread rations
 l - 2 meat rations
 u - 4 beef jerkies
 B - 10 slices of pizza
 J - 12 fruits
 M - a royal jelly
 Z - 5 chunks of flesh


   Skills:
 + Level 4.8 Fighting
 + Level 4.3 Maces & Flails
 + Level 4.8 Armour
 + Level 3.7 Dodging
 - Level 2.1 Stealth
 * Level 8.9 Spellcasting
 + Level 6.2 Conjurations
 - Level 2.5 Transmutations
 + Level 9.0 Earth Magic


You had 17 spell levels left.
You knew the following spells:

 Your Spells              Type           Power        Failure   Level  Hunger
a - Sandblast             Erth           #####.       1%          1    None
b - Stoneskin             Trmt/Erth      ####....     1%          2    None
c - Stone Arrow           Conj/Erth      #####.       1%          3    None
d - Ignite Poison         Fire/Trmt/Pois ##......     7%          3    None


Dungeon Overview and Level Annotations

Branches:
Dungeon (10/15)            Temple (1/1) D:6            Lair (0/8) D:10
    Orc: D:9-12

Altars:
Ashenzari
Cheibriados
Dithmenos
Elyvilon
Fedhas
Gozag
Kikubaaqudgha
Makhleb
Nemelex Xobeh
Okawaru
Qazlal
Ru
Sif Muna
Trog
Vehumet
Xom
Yredelemnul
Zin
The Shining One

Shops:
D:5 **   D:6 !

Annotations:
D:9 Snorg


Innate Abilities, Weirdness & Mutations

You are resistant to torment.
Your stone body is resilient (AC +7).
You are immune to poison.
You resist negative energy.
You are resistant to electric shocks.
You can survive without breathing.
You are immune to petrification.
You are immune to rotting.
You have a pair of small horns on your head.


Message History

You climb upwards.
There is a stone staircase leading down here.
Snorg closely misses you. Snorg misses you. Snorg claws you but does no damage.
Drink which item? (? for menu, Esc to quit)
You feel better. Snorg bites you. Snorg claws you but does no damage.
Snorg claws you. Snorg bites you!
* * * LOW HITPOINT WARNING * * *
Snorg claws you.
* * * LOW HITPOINT WARNING * * *
Snorg closely misses you.
Drink which item? (? for menu, Esc to quit)
You feel better. Snorg bites you!
* * * LOW HITPOINT WARNING * * *
Snorg claws you but does no damage. Snorg barely misses you.
Drink which item? (? for menu, Esc to quit)
It was a potion of agility.
You feel agile all of a sudden. Snorg completely misses you. Snorg claws you.
You die...

########### #####
#.........# #....
#.........# #....
#.........# #....
#.........# #....
#.........# #....
#########.........# #....
#......##.........#####....
#......>.T@................
#......................(...
#.../..##.........#####....
#......+..######### #####
#.....(#..# #.........#
#########'### #.........#
#.........#


You could see Snorg (berserk).

Vanquished Creatures
  Pikel (D:5)
  Grinder (D:4)
  Sigmund (D:4)
  A shadow (D:9)
  A spriggan (D:9)
  A wyvern (D:8)
  Grum (D:10)
  A deep elf mage (D:9)
  2 hippogriffs
  3 vampire mosquitoes
  2 wolves (D:10)
  2 water moccasins (D:6)
  2 orc warriors
  4 ogres
  2 phantoms
  2 ice beasts (D:8)
  A centaur (D:6)
  8 giant frogs
  3 big kobolds
  A wyvern zombie (D:9)
  A wyvern skeleton (D:8)
  3 scorpions
  13 wights
  A centaur zombie (D:7)
  A crimson imp (D:8)
  4 jellies
  4 hounds
  A centaur skeleton (D:7)
  2 iguanas
  3 orc priests
  A giant frog skeleton (D:9)
  A gnoll shaman (D:4)
  3 orc wizards
  6 worker ants
  3 gnolls (D:4)
  8 adders
  2 worker ant zombies
  A shadow imp (D:6)
  3 oozes
  An adder zombie (D:8)
  3 adder skeletons
  2 worms
  12 orcs
  2 ball pythons
  8 goblins
  9 hobgoblins
  7 jackals
  18 kobolds
  2 quokkas
  7 bats
  7 giant cockroaches
  4 giant geckos
  5 giant newts
  A quokka zombie (D:7)
  22 rats
211 creatures vanquished.

Notes
Turn   | Place    | Note
--------------------------------------------------------------
     0 | D:1      | septik the Gargoyle Earth Elementalist began the quest for the Orb.
     0 | D:1      | Reached XP level 1. HP: 10/10 MP: 3/3
   108 | D:1      | Reached XP level 2. HP: 6/15 MP: 0/5
   593 | D:1      | Reached skill level 4 in Earth Magic
  1150 | D:1      | Reached XP level 3. HP: 16/19 MP: 7/7
  1891 | D:2      | Reached XP level 4. HP: 24/24 MP: 9/9
  1898 | D:2      | Learned a level 2 spell: Stoneskin
  1902 | D:2      | Learned a level 3 spell: Stone Arrow
  1944 | D:2      | Found a shadowy altar of Dithmenos.
  2020 | D:2      | Reached skill level 1 in Transmutations
  2035 | D:2      | Found a burning altar of Makhleb.
  2324 | D:2      | Reached XP level 5. HP: 28/28 MP: 10/10
  2473 | D:2      | Gained mutation: You have a pair of small horns on your head. [potion of beneficial mutation]
  2548 | D:3      | Noticed a phantom
  2612 | D:3      | Killed a phantom
  2612 | D:3      | Reached skill level 5 in Earth Magic
  2847 | D:3      | Reached XP level 6. HP: 29/32 MP: 12/12
  2943 | D:3      | Found a stormy altar of Qazlal.
  3188 | D:4      | Found a basalt altar of Yredelemnul.
  3188 | D:4      | Noticed Grinder
  3220 | D:4      | Killed Grinder
  3220 | D:4      | Reached skill level 5 in Spellcasting
  3220 | D:4      | Reached XP level 7. HP: 36/36 MP: 8/14
  3415 | D:4      | Reached skill level 1 in Conjurations
  3603 | D:4      | Noticed Sigmund
  3612 | D:4      | Killed Sigmund
  3612 | D:4      | Reached skill level 6 in Earth Magic
  4101 | D:5      | Entered Level 5 of the Dungeon
  4109 | D:5      | Found Bezurevuu's General Store.
  4115 | D:5      | Bought 2 scrolls of remove curse for 72 gold pieces
  4115 | D:5      | Bought a potion of degeneration for 12 gold pieces
  4157 | D:5      | Reached XP level 8. HP: 25/41 MP: 14/16
  4581 | D:5      | Found Gofetuc's Assorted Antiques.
  4685 | D:5      | Found a sacrificial altar of Ru.
  4854 | D:5      | Reached skill level 1 in Fighting
  4923 | D:5      | Noticed Pikel
  4935 | D:5      | Killed Pikel
  4935 | D:5      | Reached skill level 1 in Maces & Flails
  4935 | D:5      | Reached skill level 7 in Earth Magic
  5138 | D:5      | Bought a glowing cloak for 117 gold pieces
  5163 | D:6      | Found a staircase to the Ecumenical Temple.
  5173 | Temple   | Entered the Ecumenical Temple
  5271 | Temple   | Became a worshipper of Vehumet
  5314 | D:6      | Reached XP level 9. HP: 29/48 MP: 10/19
  5626 | D:6      | Found Wumubayn's Distillery.
  6235 | D:6      | Bought a potion of poison for 11 gold pieces
  6235 | D:6      | Bought a potion of mutation for 27 gold pieces
  6245 | D:7      | Got a bronze leather armour
  6256 | D:7      | Identified the +0 leather armour of Nimul {Regen+} (You found it on level 7 of the Dungeon)
  6554 | D:7      | Reached * piety under Vehumet
  6554 | D:7      | Offered knowledge of Shock by Vehumet.
  6689 | D:7      | Got a brightly glowing robe
  6740 | D:7      | Got a twisted leather armour
  6903 | D:6      | Reached skill level 8 in Earth Magic
  7457 | D:8      | Reached skill level 5 in Conjurations
  7672 | D:8      | Reached XP level 10. HP: 53/56 MP: 21/21
  7698 | D:8      | Identified the +3 leather armour of Trumpets {MR+} (You found it on level 7 of the Dungeon)
  7708 | D:8      | Identified the +1 robe "Kiw Kek" {rElec rN+ rCorr Dex-5} (You found it on level 7 of the Dungeon)
  7814 | D:8      | Found an iron altar of Okawaru.
  8173 | D:8      | Offered knowledge of Throw Flame by Vehumet.
  8197 | D:8      | Reached ** piety under Vehumet
  8937 | D:9      | Found a shimmering altar of Xom.
  8937 | D:9      | Found an ancient bone altar of Kikubaaqudgha.
  9083 | D:9      | Offered knowledge of Ignite Poison by Vehumet.
  9088 | D:9      | Learned a level 3 spell: Ignite Poison
  9280 | D:9      | Found a radiant altar of Vehumet.
  9748 | D:10     | Entered Level 10 of the Dungeon
  9775 | D:10     | Found a staircase to the Lair.
  9812 | D:10     | Noticed Grum
  9830 | D:10     | Reached *** piety under Vehumet
  9863 | D:10     | Killed Grum
  9864 | D:10     | Reached skill level 9 in Earth Magic
  9951 | D:10     | Noticed Snorg
 10016 | D:9      | HP: 1/58 [Snorg (16)]
 10017 | D:9      | Slain by Snorg

Action                   |  1- 3 |  4- 6 |  7- 9 | 10-12 || total
-------------------------+-------+-------+-------+-------++-------
Melee: Unarmed           |    76 |       |       |       ||    76
       Club              |    11 |       |       |       ||    11
       Dagger            |    90 |   180 |   165 |       ||   435
       Whip              |       |       |   135 |   200 ||   335
       Flail             |       |       |    36 |       ||    36
 Cast: Sandblast         |    32 |    19 |    80 |     1 ||   132
       Stoneskin         |       |     1 |       |       ||     1
       Stone Arrow       |       |       |    24 |    68 ||    92
  Use: Scroll            |       |     4 |    15 |     3 ||    22
       Potion            |       |     1 |       |     3 ||     4
 Stab: Sleeping          |     2 |     2 |     3 |       ||     7
  Eat: Chunk             |     4 |     4 |    15 |     8 ||    31
